 Dungeon Crawl Stone Soup version 0.19-a0-1493-gd0fcaa6 (webtiles) character file.

101 roguesci the Grasshopper (level 4, 0/34 HPs)
             Began as a Demonspawn Warper on Sept 9, 2016.
             Was an Initiate of Okawaru.
             Slain by an iguana (10 damage)
             ... on level 4 of the Dungeon.
             The game lasted 00:06:20 (3035 turns).

roguesci the Grasshopper (Demonspawn Warper)        Turns: 3035, Time: 00:06:21

Health: 0/34       AC:  3    Str: 12    XL:     4   Next: 48%
Magic:  6/7        EV: 12    Int: 14    God:    Okawaru [......]
Gold:   94         SH:  0    Dex: 15    Spells: 3 memorised, 2 levels left

rFire  . . .     SeeInvis .     a - +0 falchion
rCold  . . .     Gourm    .     b - +0 leather armour
rNeg   . . .     Faith    .     (no shield)
rPois  .         Spirit   .     (no helmet)
rElec  .         Dismiss  .     (no cloak)
rCorr  .         Reflect  .     (no gloves)
MR     .....     Harm     .     (no boots)
Stlth  ++........               (no amulet)
                                (no ring)
                                (no ring)

@: no status effects
A: thin skeletal structure 1
a: Renounce Religion


You were on level 4 of the Dungeon.
You worshipped Okawaru.
Okawaru was noncommittal.
You were not hungry.

You visited 1 branch of the dungeon, and saw 4 of its levels.

You collected 94 gold pieces.

Inventory:

Hand Weapons
 a - a +0 falchion (weapon)
Missiles
 e - 5 tomahawks of dispersal (quivered)
 i - a throwing net
Armour
 b - a +0 leather armour (worn)
Scrolls
 d - 2 scrolls of blinking
 h - 2 scrolls of identify {unknown}
 k - 2 scrolls of magic mapping {unknown}
 m - a scroll of immolation {unknown}
 o - a scroll of random uselessness {unknown}
 q - a scroll of enchant weapon {unknown}
 t - a scroll of enchant armour {unknown}
Potions
 g - a potion of agility {unknown}
 j - a potion of flight {unknown}
 l - 2 potions of curing {unknown}
 p - a potion of lignification {unknown}
 r - a potion of ambrosia {unknown}
 u - a potion of resistance {unknown}
 v - 3 potions of degeneration {unknown}
Books
 c - a book of Spatial Translocations

   Spells                             Type                      Level
   a - Apportation                    Translocation                1
   b - Blink                          Translocation                2
   c - Shroud of Golubria             Charms/Translocation         2
   d - Portal Projectile              Translocation                3
   e - Teleport Other                 Translocation                3
   f - Passage of Golubria            Translocation                4
Comestibles
 f - 3 bread rations
 n - 2 meat rations
 s - a chunk of flesh


   Skills:
 * Level 2.7 Fighting
 * Level 2.4 Long Blades
 - Level 0.8 Throwing
 + Level 1.9 Armour
 * Level 2.1 Dodging
 + Level 2.4 Spellcasting
 * Level 3.0 Translocations


You had 2 spell levels left.
You knew the following spells:

 Your Spells              Type           Power        Failure   Level  Hunger
a - Apportation           Tloc           ##........   10%         1    #......
b - Shroud of Golubria    Chrm/Tloc      #.........   24%         2    ###....
c - Blink                 Tloc           N/A          14%         2    ###....


Dungeon Overview and Level Annotations

Branches:
Dungeon (4/15)
 Temple: D:4-7

Altars:
Ashenzari
Cheibriados
Gozag
Kikubaaqudgha
Okawaru
Ru
Uskayaw

Annotations:
D:3 roguesci's ghost, amateur DsWr


Innate Abilities, Weirdness & Mutations

You have a somewhat thin skeletal structure. (Dex +2, Stealth)


Message History

You are too injured to fight recklessly!
You are too injured to fight recklessly!
You are too injured to fight recklessly!
You are too injured to fight recklessly!
You are too injured to fight recklessly!
You are too injured to fight recklessly!
You are too injured to fight recklessly!
You are too injured to fight recklessly!
You are too injured to fight recklessly!
You are too injured to fight recklessly!
You are too injured to fight recklessly!
Unknown command.
You closely miss the iguana.
The iguana is severely wounded.
The iguana closely misses you.
You riposte.
You closely miss the iguana.
The iguana is severely wounded.
You hit the iguana.
The iguana is severely wounded.
The iguana bites you!
You die...

### .. #.
#l## #.@#
.....(.>.#
..##.....#
.......<
###.......
#.###..##
#. ..# #.
...


You could see an iguana.

Vanquished Creatures
  5 adders (D:2)
  2 worms (D:2)
  A giant gecko (D:2)
  6 bats
  A giant cockroach (D:1)
  8 goblins
  8 hobgoblins
  5 kobolds (D:1)
  2 ball pythons (D:2)
  3 giant newts
  9 rats
50 creatures vanquished.

Notes
Turn   | Place    | Note
-------+----------+-------------------------------------------
     0 | D:1      | roguesci the Demonspawn Warper began the quest for the Orb.
     0 | D:1      | Reached XP level 1. HP: 16/16 MP: 3/3
    42 | D:1      | Reached skill level 1 in Armour
   318 | D:1      | Gained mutation: You have a somewhat thin skeletal structure. (Dex +2, Stealth) [demonic ancestry]
   318 | D:1      | Reached XP level 2. HP: 17/22 MP: 5/5
   664 | D:1      | Learned a level 2 spell: Shroud of Golubria
   667 | D:1      | Learned a level 2 spell: Blink
   874 | D:1      | Reached skill level 3 in Translocations
  1068 | D:1      | Reached XP level 3. HP: 27/27 MP: 6/6
  1088 | D:2      | Found a shattered altar of Ashenzari.
  1603 | D:2      | Found an opulent altar of Gozag.
  1606 | D:2      | Found a sacrificial altar of Ru.
  1725 | D:2      | Found a hide-covered altar of Uskayaw.
  1725 | D:2      | Found a snail-covered altar of Cheibriados.
  1727 | D:2      | Found an ancient bone altar of Kikubaaqudgha.
  1811 | D:2      | Reached XP level 4. HP: 34/34 MP: 7/7
  2446 | D:2      | Found an iron altar of Okawaru.
  2453 | D:2      | Became a worshipper of Warmaster Okawaru
  3007 | D:3      | Noticed roguesci's ghost (amateur DsWr)
  3035 | D:4      | Slain by an iguana

Vault maps used:
D:1:      dpeg_arrival_erosion
D:2:      minitemple, grunt_temple_overflow_open, lemuel_round_altar,
          first_bread
D:3:      minivault_19
D:4:      minivault_26, minmay_crystal_room, kennysheep_generic_room_6

Skill      XL: |  1  2  3 |
---------------+----------+-----
Armour         | 1 |  1.9
Long Blades    | 2 |  2.4
Translocations | 3 |  3.0
Dodging        | 2 |  2.1
Fighting       | |  2.7
Throwing       | |  0.8
Spellcasting   | |  2.4

Action                   |  1- 3 |  4- 6 || total
-------------------------+-------+-------++-------
Melee: Falchion          |   158 |    70 ||   228
 Cast: Shroud of Golubri |     5 |     5 ||    10
  Use: Potion            |     1 |       ||     1
 Stab: Sleeping          |     2 |     3 ||     5
  Eat: Chunk             |     4 |     2 ||     6
       Beef jerky        |       |     1 ||     1
Armor: Leather armour    |    31 |     5 ||    36
Dodge: Dodged            |    89 |    25 ||   114
